 Dungeon Crawl Stone Soup version 0.24-a0-789-g35933f4 (webtiles) character file.

Game seed: 15529632214132901371, levelgen mode: deterministic

85 2tousent the Chopper (level 4, -7/39 HPs)
             Began as a Hill Orc Monk on Oct 9, 2019.
             Was a Follower of Qazlal.
             Mangled by an ogre
             ... wielding a +0 giant club
              (16 damage)
             ... on level 2 of the Dungeon.
             The game lasted 00:04:16 (1526 turns).

2tousent the Chopper (Hill Orc Monk)                Turns: 1526, Time: 00:04:16

Health: -7/39      AC:  5    Str: 14    XL:     4   Next: 48%
Magic:  0/4        EV: 11    Int: 10    God:    Qazlal [*.....]
Gold:   73         SH:  2    Dex: 13    Spells: 3/3 levels left

rFire    . . .     SeeInvis .   a - +1 hand axe
rCold    . . .     Gourm    .   (no shield)
rNeg     . . .     Faith    .   m - +0 ring mail
rPois    .         Spirit   .   (no helmet)
rElec    .         Reflect  .   (no cloak)
rCorr    .         Harm     .   (no gloves)
MR       .....                  (no boots)
Stlth    +.........             (no amulet)
HPRegen  0.13/turn              (no ring)
MPRegen  0.09/turn              (no ring)

@: no status effects
A: no striking features
a: Renounce Religion


You were on level 2 of the Dungeon.
You worshipped Qazlal.
Qazlal was aware of your devotion.
You were very hungry.

You visited 1 branch of the dungeon, and saw 2 of its levels.

You collected 73 gold pieces.

Inventory:

Hand Weapons
 a - a +1 hand axe (weapon)
Armour
 b - a +0 robe
 m - a +0 ring mail (worn)
Jewellery
 j - an uncursed amulet of faith
Scrolls
 h - a scroll of amnesia {unknown}
 i - a scroll of remove curse
 k - a scroll of magic mapping {unknown}
 l - a scroll of enchant weapon
Potions
 d - a potion of flight
 f - a potion of haste {unknown}
 g - a potion of resistance {unknown}
Comestibles
 c - 3 rations


   Skills:
 - Level 3.6 Fighting
 * Level 6.8 Axes
 - Level 2.4 Dodging
 - Level 1.5 Stealth
 * Level 0.0 Invocations


You had 3 spell levels left.
You didn't know any spells.
Your spell library was empty.

Dungeon Overview and Level Annotations

Branches:
Dungeon (2/15)

Altars:
Qazlal
Ru
Vehumet
Yredelemnul


Message History

You hit the ogre.
The ogre is moderately wounded.
The ogre hits you with a +0 giant club!!
Ouch! That really hurt!
You hit the ogre.
The ogre is moderately wounded.
You aren't carrying any items that you can evoke.
Aiming: Upheaval
Press: ? - help, Dir - move target cursor A storm cloud blasts the area with cutting wind!
You can no longer call upon nature to destroy your foes.
The ogre hits you with a +0 giant club!
* * * LOW HITPOINT WARNING * * *
Unknown command.
You aren't carrying any items that you can evoke.
As you read the scroll labeled JUMAXTU NIOPS, it crumbles to dust.
It is a scroll of identify.
d - a potion of flight The ogre hits you with a +0 giant club!
You die...

#.#.# ##.##O# #...#
####..##.# ...##
##.....##.# .###
#..###.##.#### .#
#............# ##
#..####.####.# # .
##.##.....##.#.# .s
#.#.....°.#.#>##.#
#.#.....O@#......#
#######....._.....#.####
##.......#†......#...#
#..#####.#..)....#.###
..## #.##..(..##..## ###
#.####.####...## #
#......^......<#
#..............#
#.......<......#


You could see an ogre.

Vanquished Creatures
  A crimson imp (D:2)
  An adder (D:2)
  3 dart slugs
  A leopard gecko (D:2)
  3 giant cockroaches
  5 goblins
  7 hobgoblins
  A quokka (D:1)
  4 bats
  A frilled lizard (D:1)
  4 kobolds
  2 rats (D:1)
33 creatures vanquished.

Notes
Turn   | Place    | Note
-------+----------+-------------------------------------------
     0 | D:1      | 2tousent the Hill Orc Monk began the quest for the Orb.
     0 | D:1      | Reached XP level 1. HP: 19/19 MP: 1/1
    61 | D:1      | Reached XP level 2. HP: 17/26 MP: 2/2
   222 | D:1      | Reached skill level 5 in Axes
   567 | D:2      | Found a radiant altar of Vehumet.
   572 | D:2      | Reached XP level 3. HP: 25/31 MP: 3/3
   587 | D:2      | Reached skill level 6 in Axes
   587 | D:2      | Reached XP level 4. HP: 21/39 MP: 4/4
   773 | D:2      | Noticed an ogre
  1322 | D:2      | Found a stormy altar of Qazlal.
  1322 | D:2      | Found a basalt altar of Yredelemnul.
  1368 | D:2      | Found a sacrificial altar of Ru.
  1440 | D:2      | Became a worshipper of Qazlal Stormbringer
  1440 | D:2      | Reached * piety under Qazlal
  1440 | D:2      | Reached ** piety under Qazlal
  1526 | D:2      | Mangled by an ogre

Levels and vault maps discovered:
D:1:      dpeg_arrival_morbid_curiosity, layout_basic
D:2:      layout_rooms, old_standard_altar, gammafunk_temple_overflow_claw,
          minmay_tetromino_t2

Skill      XL: |  1  2  3 |
---------------+----------+-----
Axes           | 5 6 |  6.8
Fighting       | |  3.6
Dodging        | |  2.4
Stealth        | |  1.5

Action                   |  1- 3 |  4- 6 || total
-------------------------+-------+-------++-------
Melee: Hand axe          |    73 |    49 ||   122
Invok: Upheaval          |       |     1 ||     1
  Use: Scroll            |     2 |     1 ||     3
 Stab: Sleeping          |     2 |     1 ||     3
  Eat: Chunk             |       |     1 ||     1
Armor: Robe              |     5 |    11 ||    16
       Ring mail         |       |     2 ||     2
Dodge: Dodged            |    52 |    70 ||   122
Block: Other             |       |     1 ||     1

Table legend:
 A = Non-vault XP
 B = Vault XP
 C = Vault XP percentage of total XP
 D = Non-vault monster count
 E = Vault monster count
 F = Vault count percentage of total count
                 A         B        C        D         E       F
            +---------+---------+-------+---------+---------+-------
      Total |     109 |      13 |  10.7 |      26 |       7 |  21.2
            +---------+---------+-------+---------+---------+-------
        D:1 |      20 |      11 |  35.5 |      12 |       6 |  33.3
        D:2 |      89 |       2 |   2.2 |      14 |       1 |   6.7
            +---------+---------+-------+---------+---------+-------
